 Dungeon Crawl Stone Soup version 0.17.0-28-g6e173f8 (webtiles) character file.

74 gorblad the Covert (level 4, -7/33 HPs)
             Began as a Vampire Assassin on Dec 3, 2015.
             Mangled by heinrich's ghost (8 damage)
             ... on level 3 of the Dungeon.
             The game lasted 00:04:09 (2006 turns).

gorblad the Covert (Vampire Assassin)               Turns: 2006, Time: 00:04:09

Health: -7/33      AC:  3    Str: 10    XL:     4   Next: 9%
Magic:  4/4        EV: 12    Int: 13    God:
Gold:   184        SH:  0    Dex: 16    Spells: 0 memorised, 3 levels left

rFire  . . .     SeeInvis +     l - +0 short sword (speed)
rCold  . . .     Clarity  .     c - +0 robe
rNeg   + . .     SustAt   .     (no shield)
rPois  +         Gourm    .     (no helmet)
rElec  .         Spirit   .     k - +0 cloak
rCorr  .         Warding  .     (no gloves)
rMut   .         Stasis   .     (no boots)
MR     .....                    (no amulet)
Stlth  +++++.....               (no ring)
                                m - ring of poison resistance

@: not resistant to hostile enchantments, quite stealthy
A: fangs 3, see invisible, unbreathing
a: Bat Form


You were on level 3 of the Dungeon.
You were not thirsty.

You visited 1 branch of the dungeon, and saw 3 of its levels.

You collected 184 gold pieces.

Inventory:

Hand Weapons
 a - a +2 dagger
 b - a +0 blowgun
 l - a +0 short sword of speed (weapon)
Missiles
 e - 28 poisoned needles
 f - 2 curare-tipped needles
Armour
 c - a +0 robe (worn)
 d - a +0 cloak
 k - a +0 cloak (worn)
Jewellery
 m - a ring of poison resistance (left hand)
Scrolls
 n - 2 scrolls of identify
 o - a scroll of blinking {unknown}
 q - a scroll of fear
 r - a scroll of magic mapping {unknown}
Potions
 g - 18 potions of blood
 h - 2 potions of curing
 i - a potion of cure mutation {unknown}
 j - a potion of lignification {unknown}
 p - a potion of heal wounds {unknown}
 s - a potion of experience {unknown}


   Skills:
 - Level 1.7 Fighting
 - Level 2.1 Short Blades
 - Level 1.5 Throwing
 - Level 1.1 Dodging
 * Level 8.6 Stealth


You had 3 spell levels left.
You didn't know any spells.

Dungeon Overview and Level Annotations

Branches:
Dungeon (3/15)

Altars:

Annotations:
D:3 heinrich's ghost, amateur HaHu


Innate Abilities, Weirdness & Mutations

You have razor-sharp teeth.
You have supernaturally acute eyesight.
You can survive without breathing.


Message History

Heinrich's ghost is lightly damaged.
Heinrich's ghost hits you but does no damage.
You hit heinrich's ghost but do no damage.
Heinrich's ghost is lightly damaged.
Heinrich's ghost hits you.
* * * LOW HITPOINT WARNING * * *
You miss heinrich's ghost.
Heinrich's ghost is lightly damaged.
You hit heinrich's ghost. Your bite misses heinrich's ghost.
Heinrich's ghost is lightly damaged.
Heinrich's ghost closely misses you.
You miss heinrich's ghost.
Heinrich's ghost is lightly damaged.
Heinrich's ghost hits you but does no damage.
You hit heinrich's ghost.
Heinrich's ghost is moderately damaged.
You hit heinrich's ghost but do no damage.
Heinrich's ghost is moderately damaged.
Heinrich's ghost hits you!
You die...

......... #+#..# ... ......
.(##..... ...# #.... ..##.....
.... #.... ......... ..#.# #....
......... .#.# #...( .........
#.## .# ##... #'##.... ..# .#
#... #.# ... #W# .# ########.#
#.# #@##.# #........# #.#
#.##..#.####.#####... #.#
#.................... #.#
####+#####...####.........
#.#####......# ##..####......###
#.#...#......#####.>........))'..
#.#...#......'................###
#....[#......##...............'..
#####.#......##...............###


You could see heinrich's ghost.

Vanquished Creatures
  2 adders
  4 giant geckos
  A ball python (D:1)
  3 giant cockroaches (D:1)
  7 goblins
  11 hobgoblins
  2 quokkas (D:2)
  6 bats
  2 giant newts
  5 kobolds
  4 rats
47 creatures vanquished.

Notes
Turn   | Place    | Note
--------------------------------------------------------------
     0 | D:1      | gorblad the Vampire Assassin began the quest for the Orb.
     0 | D:1      | Reached XP level 1. HP: 16/16 MP: 1/1
    40 | D:1      | Reached skill level 6 in Stealth
   226 | D:1      | Reached XP level 2. HP: 22/22 MP: 2/2
   242 | D:1      | Reached skill level 7 in Stealth
   659 | D:1      | Reached XP level 3. HP: 27/27 MP: 3/3
  1345 | D:2      | Reached skill level 8 in Stealth
  1856 | D:3      | Reached XP level 4. HP: 33/33 MP: 4/4
  1972 | D:3      | Noticed heinrich's ghost (amateur HaHu)
  2001 | D:3      | HP: 1/33 [heinrich's ghost (1)]
  2006 | D:3      | Mangled by heinrich's ghost

Action                   |  1- 3 |  4- 6 || total
-------------------------+-------+-------++-------
Melee: Dagger            |    55 |       ||    55
       Short sword       |    47 |    29 ||    76
  Use: Scroll            |     6 |       ||     6
       Potion            |     2 |     2 ||     4
 Stab: Sleeping          |    17 |     1 ||    18
       Distracted        |     1 |       ||     1
